Map: Frozen Temple

Players

zuka - Winner!

  • Race: Protoss Protoss
  • League: Master

Miszu

  • Race: Protoss Protoss
  • League: Master

VOD

Have the link to the VOD?

Description

Time

  • Played on: June 27, 2016, 5:09 p.m.
  • Length: 9:28
Show
View Real Time Build Order
Export as new Build Order

zuka Protoss - Winner!

Build Orders:  

Get SALT Encoding   

  12  0:01  Probe (Chrono Boost)  
  13  0:11  Probe (Chrono Boost)  
  14  0:18  Pylon  
  14  0:22  Probe (Chrono Boost)  
  15  0:36  Probe (Chrono Boost)  
  15  0:40  Gateway  
  16  0:46  Probe (Chrono Boost)  
  17  0:50  Assimilator  
  17  0:57  Probe (Chrono Boost)  
  17  1:00  Assimilator  
  18  1:08  Probe (Chrono Boost)  
  19  1:12  Pylon  
  19  1:22  Probe (Chrono Boost)  
  19  1:23  Gateway  
  21  1:32  Probe (Chrono Boost)  
  21  1:36  Cybernetics Core  
  21  1:43  Probe (Chrono Boost)  
  21  1:44  Pylon  
  22  1:54  Probe (Chrono Boost)  
  23  2:05  Probe (Chrono Boost)  
  24  2:14  Stalker x2 (Chrono Boost)  
  24  2:15  Warp Gate (Chrono Boost)  
  28  2:16  Probe  
  29  2:23  Pylon  
  29  2:41  Stalker x2  
  29  2:42  Mothership Core  
  35  2:52  Pylon  
  35  3:11  Stalker x2  
  35  3:33  Probe  
  36  3:36  Nexus  
  36  3:47  Robotics Facility  
  36  3:48  Probe  
  37  4:00  Probe  
  38  4:08  Stalker x2  
  40  4:16  Probe  
  41  4:28  Probe (Chrono Boost)  
  41  4:31  Forge  
  42  4:34  Observer  
  43  4:39  Probe (Chrono Boost)  
  44  4:48  Probe (Chrono Boost)  
  44  4:50  Sentry, Probe (Chrono Boost)  
  48  4:55  Immortal  
  48  4:57  Protoss Ground Weapons Level 1 (Chrono Boost)  
  48  4:59  Probe (Chrono Boost)  
  53  5:00  Probe (Chrono Boost)  
  54  5:09  Probe (Chrono Boost)  
  54  5:11  Probe (Chrono Boost)  
  56  5:19  Probe (Chrono Boost)  
  57  5:21  Probe (Chrono Boost)  
  57  5:23  Pylon  
  58  5:33  Assimilator  
  58  5:35  Immortal (Chrono Boost)  
  62  5:36  Assimilator  
  62  5:40  Probe  
  62  5:41  Probe  
  64  5:45  Pylon  
  64  5:53  Stalker x2  
  64  5:54  Probe  
  64  5:57  Probe  
  70  6:03  Twilight Council  
  70  6:06  Pylon, Probe  
  72  6:18  Probe  
  72  6:22  Immortal (Chrono Boost)  
  75  6:26  Probe  
  75  6:30  Probe  
  75  6:31  Protoss Ground Weapons Level 2  
  78  6:40  Charge  
  78  6:43  Gateway  
  78  6:49  Gateway  
  78  6:53  Zealot x2  
  81  7:03  Immortal (Chrono Boost)  
  81  7:06  Pylon  
  85  7:14  Gateway  
  85  7:19  Pylon  
  86  7:28  Zealot x2  
  89  7:32  Pylon  
  89  7:40  Templar Archives  
  89  7:47  Warp Prism (Chrono Boost)  
  89  7:49  Zealot  
  89  7:50  Zealot x2  
  97  7:54  Pylon  
  97  8:06  Gateway  
  97  8:17  High Templar x2  
  97  8:18  High Templar  
  103  8:20  High Templar, Zealot  
  103  8:21  Archon  
  103  8:23  Archon  
  107  8:40  Nexus  
  107  8:48  Gateway  
  107  8:50  High Templar x2  
  107  8:51  Zealot x2  
  107  8:54  Pylon  
  107  8:55  Archon  
  115  9:01  Zealot  
  113  9:16  Zealot x3  
Show
View Real Time Build Order
Export as new Build Order

Miszu Protoss 

Build Orders:  

Get SALT Encoding   

  12  0:00  Probe (Chrono Boost)  
  13  0:11  Probe (Chrono Boost)  
  14  0:17  Pylon  
  14  0:22  Probe (Chrono Boost)  
  15  0:36  Probe (Chrono Boost)  
  15  0:37  Gateway  
  16  0:46  Probe (Chrono Boost)  
  16  0:47  Assimilator  
  18  0:57  Assimilator, Probe (Chrono Boost)  
  18  1:05  Gateway  
  18  1:08  Probe (Chrono Boost)  
  19  1:24  Cybernetics Core  
  19  1:26  Probe (Chrono Boost)  
  20  1:37  Pylon  
  21  2:00  Adept  
  21  2:01  Adept, Warp Gate  
  24  2:07  Probe (Chrono Boost)  
  25  2:19  Mothership Core (Chrono Boost)  
  27  2:29  Pylon  
  27  2:37  Stalker  
  27  2:38  Probe (Chrono Boost)  
  30  2:47  Stalker  
  32  3:07  Stalker  
  34  3:17  Stalker  
  34  3:24  Probe (Chrono Boost)  
  33  3:34  Nexus  
  33  3:36  Pylon  
  33  3:57  Gateway  
  33  3:59  Robotics Facility  
  31  4:14  Stalker x2  
  35  4:31  Pylon  
  35  4:39  Stalker x2  
  35  4:40  Probe  
  40  4:53  Immortal (Chrono Boost)  
  40  4:55  Probe  
  40  4:57  Probe  
  46  5:03  Sentry  
  46  5:06  Sentry  
  50  5:08  Probe (Chrono Boost)  
  50  5:11  Probe (Chrono Boost)  
  52  5:20  Probe (Chrono Boost)  
  53  5:23  Twilight Council  
  53  5:26  Probe (Chrono Boost)  
  54  5:34  Probe (Chrono Boost)  
  55  5:36  Observer  
  55  5:37  Probe (Chrono Boost)  
  57  5:44  Probe (Chrono Boost)  
  57  5:47  Probe (Chrono Boost)  
  59  5:57  Immortal  
  59  6:00  Forge  
  59  6:02  Assimilator  
  59  6:03  Assimilator  
  63  6:07  Probe x2 (Chrono Boost)  
  65  6:18  Probe x2 (Chrono Boost)  
  67  6:19  Zealot  
  69  6:27  Charge  
  69  6:36  Probe (Chrono Boost)  
  70  6:41  Protoss Ground Weapons Level 1  
  70  6:45  Pylon  
  70  6:47  Pylon  
  70  6:55  Phoenix  
  70  7:03  Immortal, Probe x2 (Chrono Boost)  
  76  7:19  Gateway  
  76  7:21  Gateway  
  76  7:22  Gateway  
  76  7:26  Zealot x3  
  82  7:30  Templar Archives, Probe (Chrono Boost)  
  82  7:31  Probe (Chrono Boost)  
  84  7:44  Probe x2 (Chrono Boost)  
  86  8:06  Nexus  
  86  8:16  Pylon  
  86  8:17  Pylon  
  86  8:22  Pylon  
  86  8:24  Pylon  
  90  8:34  High Templar x2  
  90  8:35  High Templar x2, Immortal (Chrono Boost)  
  90  8:36  Zealot  
  90  8:37  Zealot  
  90  8:38  Archon  
  90  8:40  Archon  
  90  8:41  Probe x2  
  104  8:53  Probe x2  
  106  9:05  Probe x2  
  108  9:12  Zealot x2  
  108  9:13  Zealot  
  89  9:20  Zealot x2  
Tags
 
Add a new tag
Caveats
  • Supply blocks, unpowered buildings, or Contaminate may cause inaccurate times.
  • Supply counts are checked every 10 seconds.